[Event "Titled Tuesday Blitz February 28 Early 2023"]
[White "Postma, Dinant"]
[Black "Fiedorek, Michal"]
[WhiteFideId "1018612"]
[BlackFideId "1199528"]
[WhiteElo "2594"]
[BlackElo "2135"]
[Result "0-1"]
[Round "09"]
[TimeControl "180+2"]
[Date "2023.02.28"]
[WhiteClock "0:00:09"]
[BlackClock "0:00:37"]

1. d4 d5 2. Bf4 e6 3. e3 Bd6 4. Bg3 Nf6 5. Nd2 b6 6. Ngf3 Bb7 7. Bd3 O-O 8. Ne5 c5 9. c3 Nc6 10. f4 Ne7 11. Qb1 g6 12. Bh4 Nf5 13. Bxf5 exf5 14. Ndf3 Be7 15. O-O Ne4 16. Bxe7 Qxe7 17. Qd3 c4 18. Qe2 f6 19. Nxc4 dxc4 20. Qxc4+ Qf7 21. Qd3 Rac8 22. Rfc1 Qc4 23. Qd1 b5 24. a4 a6 25. axb5 axb5 26. Ra7 Qd5 27. Qe2 Ra8 28. Rca1 Rxa7 29. Rxa7 Ra8 30. Rxa8+ Bxa8 31. Nd2 Nxd2 32. Qxd2 Bc6 33. h4 Kg7 34. Qf2 Qe4 35. Qd2 Bd5 36. Qe2 Bc4 37. Qd2 Qd3 38. Qxd3 Bxd3 39. Kf2 Kf7 40. h5 Ke6 41. h6 Kd5 42. Ke1 Kc4 43. Kd2 Be4 44. g3 Kb3 45. Kc1 Ka2 46. b4 Kb3 47. Kd2 Kc4 0-1


[Site "https://www.chess.com"]

[Event "Titled Tuesday Blitz February 28 Early 2023"]
[White "Aldokhin, Ivan"]
[Black "Koridze, Lile"]
[WhiteFideId "24115720"]
[BlackFideId "13612514"]
[WhiteElo "2322"]
[BlackElo "2047"]
[Result "1-0"]
[Round "09"]
[TimeControl "180+2"]
[Date "2023.02.28"]
[WhiteClock "0:00:32"]
[BlackClock "0:02:29"]

1. e4 c5 2. Nf3 d6 3. d4 cxd4 4. Nxd4 Nf6 5. Nc3 a6 6. Bc4 e6 7. Bb3 b5 8. O-O Bb7 9. Re1 Nbd7 10. Qf3 Be7 11. Bxe6 Ne5 12. Qh3 fxe6 13. Nxe6 Qd7 14. Nxg7+ Kf7 15. Nf5 Rag8 16. Nh6+ Ke8 17. Qxd7+ Kxd7 18. Nxg8 Rxg8 19. Kf1 Nfg4 20. Bf4 Rf8 21. Bg3 h5 22. f3 h4 23. Bxe5 dxe5 24. Rad1+ Ke6 25. Nd5 Bc5 26. h3 Nh2+ 27. Ke2 Rg8 28. Ne3 Bxe3 29. Kxe3 Rxg2 30. Re2 1-0


[Site "https://www.chess.com"]

[Event "Titled Tuesday Blitz February 28 Early 2023"]
[White "Jovic, Stanoje"]
[Black "benny_aizenberg"]
[WhiteFideId "905020"]
[WhiteElo "2236"]
[BlackElo "2578"]
[Result "0-1"]
[Round "09"]
[TimeControl "180+2"]
[Date "2023.02.28"]
[WhiteClock "0:00:04"]
[BlackClock "0:00:06"]

1. c4 f5 2. g3 Nf6 3. Bg2 g6 4. Nc3 Bg7 5. d3 O-O 6. e4 d6 7. exf5 gxf5 8. h4 e5 9. h5 Be6 10. h6 Bh8 11. Bxb7 Nbd7 12. Bg5 Rb8 13. Bd5 Bxd5 14. Nxd5 Rxb2 15. Qc1 Rb8 16. Nf3 c6 17. Ne3 e4 18. Nh4 Ne5 19. Kf1 Nxd3 20. Qa3 Rb2 21. Rh2 Qd7 22. Rd1 Ng4 23. Rxd3 exd3 24. Qxd3 Nxh2+ 25. Kg2 Ng4 26. Nd1 Rxa2 27. Nf3 Qe6 28. Nd2 Ne5 29. Qe2 Re8 30. Ne3 Ng6 31. Kh2 Bc3 32. c5 Bxd2 33. Qf3 Bxe3 34. Bxe3 Qxe3 35. Qxc6 Qxf2+ 36. Kh3 Qh2# 0-1


[Site "https://www.chess.com"]

[Event "Titled Tuesday Blitz February 28 Early 2023"]
[White "Lorenzo De La Riva, Lazaro"]
[Black "Domingo Nunez, Alejandro"]
[WhiteFideId "2268809"]
[BlackFideId "22245561"]
[WhiteElo "2294"]
[BlackElo "2230"]
[Result "0-1"]
[Round "09"]
[TimeControl "180+2"]
[Date "2023.02.28"]
[WhiteClock "0:00:02"]
[BlackClock "0:00:11"]

1. e4 g6 2. d4 Bg7 3. Nf3 c6 4. Nc3 d5 5. e5 f6 6. Bf4 Nh6 7. exf6 exf6 8. Bd3 O-O 9. O-O Nf7 10. h4 Bg4 11. Be2 Re8 12. Qd2 Nd6 13. Rfe1 Nf5 14. g3 Nd7 15. Rad1 Nf8 16. Nh2 Bxe2 17. Rxe2 Ne6 18. Be3 c5 19. Nf3 c4 20. Qe1 Qd7 21. Bc1 b5 22. Kg2 h5 23. Nb1 a5 24. Nbd2 Nexd4 25. Rxe8+ Rxe8 26. Qf1 Nxc2 27. Nb1 d4 28. Nc3 Qc6 29. Ne2 d3 30. Nf4 Ncd4 31. Rxd3 cxd3 32. Qxd3 Nxf3 33. Qxf3 Qxc1 34. Qd5+ Kh7 35. Qf7 Qc6+ 36. Kh2 Ne7 37. Ne6 Rg8 38. Qxe7 Qe8 39. Qd6 Qf7 40. Nf4 Re8 41. Qd3 f5 42. Nh3 Bf6 43. Qxb5 Re1 44. Qxa5 Qe7 45. Nf4 Rb1 46. Qd2 Qe1 47. Qd7+ Bg7 48. Ne6 Qh1# 0-1


[Site "https://www.chess.com"]

[Event "Titled Tuesday Blitz February 28 Early 2023"]
[White "Yaniuk, Volodymyr"]
[Black "Zemlyanskii, Ivan"]
[WhiteFideId "14133083"]
[BlackFideId "24249971"]
[WhiteElo "2141"]
[BlackElo "2233"]
[Result "1-0"]
[Round "09"]
[TimeControl "180+2"]
[Date "2023.02.28"]
[WhiteClock "0:00:22"]
[BlackClock "0:00:02"]

1. d4 Nc6 2. d5 Ne5 3. Nc3 e6 4. Nf3 Nxf3+ 5. exf3 Nf6 6. a3 Bc5 7. Bg5 h6 8. Bh4 e5 9. Bd3 Be7 10. Bxf6 Bxf6 11. Ne4 Be7 12. g4 d6 13. Qd2 Bg5 14. Qb4 a5 15. Qc3 Bd7 16. h4 Bf4 17. Ke2 h5 18. g5 Kf8 19. Qb3 b6 20. c4 Bf5 21. Nc3 Bd7 22. Qc2 g6 23. a4 Kg7 24. Ne4 Qe7 25. b3 c6 26. Nc3 Rac8 27. dxc6 Bxc6 28. Be4 d5 29. Bxd5 Bd7 30. Rad1 Rhd8 31. Be4 Qb4 32. Nd5 Qa3 33. Qc3 Qa2+ 34. Kf1 Kf8 35. Kg2 Be6 36. Nxf4 exf4 37. Qh8+ Ke7 38. Qf6+ Ke8 39. Bxg6 Qe2 40. Rde1 Rd2 41. Rxe2 Rxe2 42. Rd1 Rd8 43. Rxd8# 1-0


[Site "https://www.chess.com"]

[Event "Titled Tuesday Blitz February 28 Early 2023"]
[White "Maximov, Dmitry"]
[Black "Martic, Ivan"]
[WhiteFideId "14105659"]
[BlackFideId "929301"]
[WhiteElo "2494"]
[BlackElo "2360"]
[Result "1-0"]
[Round "09"]
[TimeControl "180+2"]
[Date "2023.02.28"]
[WhiteClock "0:01:18"]
[BlackClock "0:00:46"]

1. e4 c5 2. Nf3 e6 3. c3 Nf6 4. Bd3 d5 5. e5 Nfd7 6. Bc2 d4 7. O-O Nc6 8. Qe2 g5 9. Ba4 g4 10. Ne1 h5 11. d3 Bg7 12. f4 Nb6 13. Bxc6+ bxc6 14. c4 Qe7 15. Nd2 f5 16. exf6 Bxf6 17. Ne4 Bd7 18. Bd2 Bg7 19. Nc2 a5 20. Rae1 O-O 21. Ng5 Rf6 22. Qe4 Bh6 23. f5 Re8 24. fxe6 Rxf1+ 25. Rxf1 Bxg5 26. Qg6+ Qg7 27. Qf7+ Kh8 28. exd7 Rd8 29. Qxh5+ Kg8 30. Bxg5 1-0


[Site "https://www.chess.com"]

[Event "Titled Tuesday Blitz February 28 Early 2023"]
[White "Golubka, Petro"]
[Black "Berkes, Ferenc"]
[WhiteFideId "14114224"]
[BlackFideId "718572"]
[WhiteElo "2404"]
[BlackElo "2664"]
[Result "1-0"]
[Round "09"]
[TimeControl "180+2"]
[Date "2023.02.28"]
[WhiteClock "0:01:45"]
[BlackClock "0:00:20"]

1. e4 e6 2. d4 d5 3. e5 b6 4. c4 Ba6 5. cxd5 Bxf1 6. Kxf1 Qxd5 7. Nc3 Qc4+ 8. Nge2 Ne7 9. Bg5 Nd5 10. Rc1 h6 11. Bh4 c6 12. Nxd5 Qxd5 13. Nf4 Qb5+ 14. Kg1 g5 15. a4 Qxb2 16. Rb1 Qa2 17. Nh5 gxh4 18. Nf6+ Kd8 19. g3 Be7 20. Ne4 h3 21. Nc3 Qc4 22. Ne4 Qd5 23. f3 Nd7 24. Kf2 f5 25. Nc3 Qc4 26. Ne2 Qa6 27. Rc1 Rc8 28. Nf4 Nf8 29. Qb3 Kd7 30. Rhd1 Bg5 31. d5 cxd5 32. Nxd5 exd5 33. Qxd5+ Ke7 34. f4 Rxc1 35. Rxc1 Ne6 36. Qd6+ Kf7 37. Qd7+ Be7 38. Rc6 Nc5 39. Rf6+ Kg8 40. Qe8+ 1-0


[Site "https://www.chess.com"]

[Event "Titled Tuesday Blitz February 28 Early 2023"]
[White "Degenbaev, Aziz"]
[Black "Matinian, Nikita"]
[WhiteFideId "13802640"]
[BlackFideId "24129100"]
[WhiteElo "2152"]
[BlackElo "2422"]
[Result "1/2-1/2"]
[Round "09"]
[TimeControl "180+2"]
[Date "2023.02.28"]
[WhiteClock "0:00:05"]
[BlackClock "0:00:06"]

1. e4 c5 2. Nf3 e6 3. d4 cxd4 4. Nxd4 Nc6 5. Nxc6 bxc6 6. Bd3 d5 7. exd5 cxd5 8. O-O Nf6 9. c4 Bd6 10. Nc3 dxc4 11. Bxc4 Bxh2+ 12. Kh1 Qxd1 13. Rxd1 Be5 14. f4 Bxc3 15. bxc3 Bd7 16. f5 Rc8 17. fxe6 fxe6 18. Bb3 Rxc3 19. Bb2 Rc7 20. Be5 Rb7 21. Rd6 Rb6 22. Rd4 Bc6 23. Bc7 Rb7 24. Rd8+ Kf7 25. Rxh8 Rxc7 26. Re1 Bd5 27. Bxd5 exd5 28. Rb8 h5 29. a4 Kg6 30. a5 Rc5 31. Ra1 d4 32. Rd8 Nd5 33. a6 d3 34. Rd1 Nf4 35. Rd7 Ra5 36. Rxa7 Ra2 37. Ra8 Kg5 38. a7 g6 39. Rd8 Rxa7 40. R8xd3 Nxd3 41. Rxd3 Ra4 42. Kh2 Kg4 43. Rg3+ Kf5 44. Rf3+ Rf4 45. Rb3 g5 46. Rb5+ Kg4 47. Rb3 Re4 48. Rg3+ Kf5 49. Rf3+ Rf4 50. Rb3 h4 51. Kh3 Rf1 52. Rb5+ Kg6 53. Kg4 Rf4+ 54. Kh3 Kh5 55. Rc5 Rf1 56. Kh2 Kg6 57. Rc6+ Kf5 58. Rc5+ Kg4 59. Rc4+ Rf4 60. Rc5 Re4 61. Rb5 Kf4 62. Rb8 g4 63. Rf8+ Ke3 64. Rg8 Rf4 65. Re8+ Kf2 66. Rb8 g3+ 67. Kh3 Kg1 68. Rb1+ Rf1 69. Rb4 Kh1 70. Rxh4 Kg1 71. Kxg3 Rf8 72. Rg4 Rh8 73. Kf4 Rf8+ 74. Kg5 Kh2 75. g3 Rf3 76. Kh4 Rf8 77. Rg7 Rh8+ 78. Kg4 Rh3 79. Kf4 Kg2 80. g4 Rf3+ 81. Ke5 Kg3 82. g5 Kg4 83. g6 Kg5 84. Rg8 Ra3 85. Ke6 Ra6+ 86. Kf7 Ra7+ 87. Ke6 Ra6+ 88. Kf7 Ra7+ 89. Ke6 Ra6+ 1/2-1/2


[Site "https://www.chess.com"]

[Event "Titled Tuesday Blitz February 28 Early 2023"]
[White "Spata, German"]
[Black "Ezat, Mohamed"]
[WhiteFideId "113026"]
[BlackFideId "10600906"]
[WhiteElo "2238"]
[BlackElo "2388"]
[Result "0-1"]
[Round "09"]
[TimeControl "180+2"]
[Date "2023.02.28"]
[WhiteClock "0:00:50"]
[BlackClock "0:00:08"]

1. Nf3 Nf6 2. c4 c5 3. g3 g6 4. Bg2 Bg7 5. O-O O-O 6. Nc3 d5 7. cxd5 Nxd5 8. d3 Nc6 9. Nxd5 Qxd5 10. Be3 Bxb2 11. Rb1 Bf6 12. Nd4 Qxa2 13. Nxc6 bxc6 14. Bxc6 Bh3 15. Bxa8 Rxa8 16. Bxc5 Qd5 17. e4 Qxc5 18. Re1 Bd4 19. Qf3 Be6 20. Rec1 Qe5 21. Kg2 h5 22. Qe2 h4 23. f4 h3+ 24. Kh1 Qa5 25. f5 gxf5 26. Qh5 Qd2 27. Qxh3 fxe4 28. Qh4 Rd8 29. dxe4 Bf6 30. Qf4 Bg5 31. Qxd2 Bxd2 32. Rd1 Bg4 33. Kg2 Bxd1 34. Rxd1 Ba5 35. Ra1 Rd2+ 36. Kf3 Bb6 37. h4 Rd3+ 38. Kg4 Kg7 39. Kf4 Bc7+ 40. e5 f6 41. Rxa7 Bxe5+ 42. Kf5 Kf7 43. g4 Rd4 44. Rxe7+ Kxe7 45. g5 fxg5 46. hxg5 Bg7 47. Kg6 Kf8 48. Kh7 Rd5 49. Kg6 Kg8 50. Kh5 Bf6 51. Kg6 Bxg5 52. Kh5 Be7+ 53. Kg6 Rg5+ 54. Kh6 Rg1 55. Kh5 Kf7 56. Kh6 Rg4 0-1


[Site "https://www.chess.com"]

[Event "Titled Tuesday Blitz February 28 Early 2023"]
[White "Caspi, Israel"]
[Black "Belov, Alexei"]
[WhiteFideId "2807394"]
[BlackFideId "4128206"]
[WhiteElo "2419"]
[BlackElo "2500"]
[Result "1/2-1/2"]
[Round "09"]
[TimeControl "180+2"]
[Date "2023.02.28"]
[WhiteClock "0:00:11"]
[BlackClock "0:00:22"]

1. e4 e6 2. d4 d5 3. Nc3 Nf6 4. e5 Ne4 5. Nxe4 dxe4 6. Bc4 a6 7. a4 b6 8. Ne2 Bb7 9. Be3 c5 10. dxc5 Qc7 11. b4 bxc5 12. b5 Nd7 13. Bf4 Nxe5 14. bxa6 Bxa6 15. Bxa6 Rxa6 16. Nc3 Bd6 17. Nb5 Qa5+ 18. Bd2 Qd8 19. Qe2 Qa8 20. Bc3 Bb8 21. Qh5 Qd5 22. Qe2 O-O 23. O-O Qc4 24. Qh5 Ng6 25. Rfe1 Rxa4 26. Rxa4 Qxa4 27. Qxc5 Qxc2 28. g3 Be5 29. Ra1 Bxc3 30. Nxc3 h6 31. Re1 f5 32. Nxe4 Qxc5 33. Nxc5 e5 34. h4 h5 35. Nd3 e4 36. Nc5 Re8 37. Rd1 f4 38. Kf1 e3 39. Re1 Kf7 40. Nd3 exf2 41. Rxe8 Kxe8 42. Nxf4 Nxf4 43. gxf4 Ke7 44. Kxf2 Ke6 45. Ke2 Kf6 46. Kf2 Ke6 47. Ke2 Kf6 48. Kf2 Ke6 1/2-1/2


[Site "https://www.chess.com"]

[Event "Titled Tuesday Blitz February 28 Early 2023"]
[White "Omelja, Artem"]
[Black "Manukyan, Sargis A."]
[WhiteFideId "14119846"]
[BlackFideId "13303970"]
[WhiteElo "2404"]
[BlackElo "2187"]
[Result "0-1"]
[Round "09"]
[TimeControl "180+2"]
[Date "2023.02.28"]
[WhiteClock "0:00:05"]
[BlackClock "0:00:19"]

1. e4 c5 2. Nf3 d6 3. Bb5+ Bd7 4. Bxd7+ Qxd7 5. O-O Nc6 6. Re1 Nf6 7. c3 e6 8. d3 Be7 9. h3 O-O 10. Be3 Rfc8 11. a4 a6 12. Na3 b6 13. Nc4 Bd8 14. Bg5 Qc7 15. a5 bxa5 16. Qa4 Rab8 17. Re2 h6 18. Bxf6 Bxf6 19. Nxa5 Nxa5 20. Qxa5 Qxa5 21. Rxa5 Rb6 22. e5 dxe5 23. Nxe5 Bxe5 24. Rxe5 Rxb2 25. Rexc5 Rxc5 26. Rxc5 Rd2 27. d4 Rc2 28. Rc8+ Kh7 29. c4 Kg6 30. c5 Rc4 31. Ra8 Rxd4 32. Rxa6 Rd1+ 33. Kh2 Rc1 34. c6 Kf6 35. Kg3 Rc3+ 36. f3 g5 37. Kf2 h5 38. Ke2 Rc5 39. Kd3 Ke5 40. g4 hxg4 41. hxg4 f6 42. Ke3 Kd5 43. f4 gxf4+ 44. Kxf4 Rc4+ 45. Kf3 Rxc6 46. Ra3 Kd6 47. Rd3+ Ke7 48. Ra3 Kf7 49. Ra4 Kg6 50. Kg3 Rd6 51. Kh4 Rd5 52. Rb4 Re5 53. Rc4 Re1 54. Rc5 Re4 55. Kg3 e5 56. Rc8 Ra4 57. Rg8+ Kf7 58. Rb8 Ra3+ 59. Kh4 Ra1 60. Kg3 Rg1+ 61. Kf3 Rf1+ 62. Kg3 Ke6 63. Rb6+ Kd5 64. Rb5+ Kd4 65. Rb4+ Kd3 66. Rb3+ Kc4 67. Rb8 e4 68. Rc8+ Kd3 69. Rd8+ Ke2 70. Kh4 e3 71. Rd6 Rf3 72. g5 fxg5+ 73. Kxg5 Kf2 74. Kg4 e2 75. Re6 Re3 0-1


[Site "https://www.chess.com"]

[Event "Titled Tuesday Blitz February 28 Early 2023"]
[White "Sokac, Marko"]
[Black "Vlassov, Nikolai"]
[WhiteFideId "14531356"]
[BlackFideId "4103360"]
[WhiteElo "2355"]
[BlackElo "2324"]
[Result "0-1"]
[Round "09"]
[TimeControl "180+2"]
[Date "2023.02.28"]
[WhiteClock "0:00:08"]
[BlackClock "0:00:17"]

1. e4 c5 2. a3 Nf6 3. Nc3 d5 4. exd5 Nxd5 5. Bc4 Be6 6. Qf3 Nc7 7. Bxe6 Nxe6 8. Qxb7 Nd7 9. Nf3 g5 10. Qe4 Bg7 11. h4 g4 12. Qxg4 Nf6 13. Qg3 Rg8 14. Ng5 Nd4 15. Qd3 Rc8 16. Nge4 c4 17. Nxf6+ Bxf6 18. Qxh7 Rxg2 19. Qe4 Rg8 20. Nd5 Rc6 21. Kd1 Re6 22. Qh7 Qxd5 23. Qxg8+ Kd7 24. Rh3 Qf5 25. Rc3 Qxf2 0-1


[Site "https://www.chess.com"]

[Event "Titled Tuesday Blitz February 28 Early 2023"]
[White "Yaran, Siar"]
[Black "Cheng, Xiao"]
[WhiteFideId "6323006"]
[BlackFideId "2022915"]
[WhiteElo "2191"]
[BlackElo "2494"]
[Result "1-0"]
[Round "09"]
[TimeControl "180+2"]
[Date "2023.02.28"]
[WhiteClock "0:00:06"]
[BlackClock "0:00:10"]

1. d4 Nf6 2. c4 e6 3. Nc3 d5 4. Bg5 Bb4 5. e3 Nbd7 6. Bd3 c5 7. Ne2 Qa5 8. Bxf6 Nxf6 9. O-O cxd4 10. exd4 dxc4 11. Bxc4 O-O 12. a3 Bd6 13. Qd3 e5 14. Rad1 a6 15. Ng3 Bg4 16. Rde1 exd4 17. Qxd4 Qc5 18. Qxc5 Bxc5 19. Nge4 Nxe4 20. Nxe4 Bd4 21. h3 Bh5 22. a4 Rac8 23. b3 Rc7 24. Nd6 Rd7 25. Nf5 Bc3 26. Re3 Bd2 27. Re5 Bg6 28. Ne7+ Kh8 29. Nxg6+ hxg6 30. Rd1 Rfd8 31. g3 f6 32. Re4 g5 33. Kg2 Kh7 34. h4 Kg6 35. Rh1 Rb8 36. Be6 Rd6 37. hxg5 Bxg5 38. f4 Bh6 39. Rh4 Rd2+ 40. Kf3 Rbd8 41. Kg4 R8d3 42. Bf5+ Kf7 43. Rb4 Rg2 44. Rxb7+ Ke8 45. Bxd3 f5+ 46. Bxf5 Kd8 47. Rh1 Rd2 48. Rc1 Rd6 49. Rc8# 1-0


[Site "https://www.chess.com"]

[Event "Titled Tuesday Blitz February 28 Early 2023"]
[White "Balla, Tamas-Kristof"]
[Black "Djokovic, Nebojsa"]
[WhiteFideId "1208497"]
[BlackFideId "938300"]
[WhiteElo "2334"]
[BlackElo "2583"]
[Result "1-0"]
[Round "09"]
[TimeControl "180+2"]
[Date "2023.02.28"]
[WhiteClock "0:00:06"]
[BlackClock "0:00:02"]

1. e4 e6 2. d4 d5 3. Nd2 Nf6 4. e5 Nfd7 5. Bd3 c5 6. c3 Nc6 7. Ne2 cxd4 8. cxd4 f6 9. exf6 Nxf6 10. Nf3 Bd6 11. Bg5 O-O 12. h3 Qc7 13. O-O g6 14. Rc1 Qg7 15. Re1 Nh5 16. Qd2 Rxf3 17. gxf3 e5 18. dxe5 Nxe5 19. Nd4 Bxh3 20. f4 Nf7 21. Ne6 Bxe6 22. Rxe6 Nxg5 23. fxg5 Bf4 24. Qd1 Bxc1 25. Qxc1 Rf8 26. Qe1 Nf4 27. Re7 Qd4 28. Bf1 Qxb2 29. Rc7 Nh5 30. Bg2 Qd4 31. Qe6+ Kh8 32. Qe2 Ng7 33. Rxb7 a5 34. Rd7 Qa1+ 35. Kh2 Qd4 36. Rxd5 Qh4+ 37. Kg1 a4 38. Rd7 Qf4 39. Qb2 Rg8 40. Bd5 Qxg5+ 41. Kf1 Qf5 42. Rxg7 Qd3+ 43. Kg1 Qd1+ 44. Kg2 Qh5 45. Rxg8# 1-0


[Site "https://www.chess.com"]

[Event "Titled Tuesday Blitz February 28 Early 2023"]
[White "Womacka, Mathias"]
[Black "Pinheiro, Iung Alicio de O."]
[WhiteFideId "4611390"]
[BlackFideId "2104350"]
[WhiteElo "2377"]
[BlackElo "2283"]
[Result "1/2-1/2"]
[Round "09"]
[TimeControl "180+2"]
[Date "2023.02.28"]
[WhiteClock "0:00:31"]
[BlackClock "0:00:22"]

1. e4 c5 2. Nf3 Nc6 3. d4 cxd4 4. Nxd4 e5 5. Nb5 d6 6. c4 Be7 7. N1c3 a6 8. Na3 Nf6 9. Be2 O-O 10. Be3 Be6 11. O-O Ne8 12. Qd2 h6 13. Rfd1 Bg5 14. Bxg5 Qxg5 15. Qxg5 hxg5 16. Nc2 Rd8 17. Rd2 Rc8 18. Rad1 g6 19. h3 Kg7 20. Bg4 Kf6 21. Nd5+ Kg7 22. Bxe6 fxe6 23. Nde3 Rc7 24. f3 Kf6 25. Kf2 Ke7 26. Kg3 Nd8 27. a4 Nf7 28. a5 Nf6 29. b4 Rfc8 30. Na1 Nd7 31. Nb3 Rxc4 32. Nxc4 Rxc4 33. Nc5 Nxc5 34. bxc5 Rxc5 35. Rb2 Nd8 36. Rbd2 Nf7 37. Rb2 Nd8 38. Rbd2 Nf7 1/2-1/2


[Site "https://www.chess.com"]

[Event "Titled Tuesday Blitz February 28 Early 2023"]
[White "Goltseva, Ekaterina"]
[Black "Koellner, Ruben Gideon"]
[WhiteFideId "24173770"]
[BlackFideId "12993093"]
[WhiteElo "2200"]
[BlackElo "2303"]
[Result "0-1"]
[Round "09"]
[TimeControl "180+2"]
[Date "2023.02.28"]
[WhiteClock "0:00:01"]
[BlackClock "0:00:42"]

1. Nf3 d6 2. b3 e5 3. d3 f5 4. Bb2 Nf6 5. c4 Be7 6. Nc3 O-O 7. e3 Be6 8. Be2 c6 9. O-O Nbd7 10. d4 e4 11. Nd2 d5 12. f3 Bd6 13. f4 h6 14. Kh1 g5 15. g3 Kg7 16. Rg1 g4 17. Kg2 h5 18. c5 Bc7 19. b4 a6 20. a4 Rh8 21. b5 Qe7 22. bxc6 bxc6 23. Qf1 a5 24. Ba3 h4 25. Rh1 Rh5 26. Rb1 Rah8 27. Qf2 Kg6 28. Rb7 hxg3 29. Qxg3 Bb8 30. Nf1 Rh3 31. Qf2 Nh5 32. Rb1 Bc7 33. Ba6 Rf3 34. Qe1 Bxf4 35. Be2 Bc7 36. Bxf3 gxf3+ 37. Kf2 Qh4+ 38. Kg1 Qg5+ 39. Ng3 Nxg3 40. hxg3 Bxg3 41. Qd2 Be1+ 0-1


[Site "https://www.chess.com"]

[Event "Titled Tuesday Blitz February 28 Early 2023"]
[White "Souleidis, Georgios"]
[Black "Vivas Zamora, Fabian Ernesto"]
[WhiteFideId "4206827"]
[BlackFideId "3902480"]
[WhiteElo "2401"]
[BlackElo "2262"]
[Result "1-0"]
[Round "09"]
[TimeControl "180+2"]
[Date "2023.02.28"]
[WhiteClock "0:00:13"]
[BlackClock "0:00:02"]

1. e4 e5 2. Nc3 Nf6 3. d4 exd4 4. Qxd4 Nc6 5. Qd3 Bb4 6. Bd2 O-O 7. O-O-O Re8 8. Nge2 a5 9. a3 Be7 10. f4 d6 11. h3 Nd7 12. Be3 Nc5 13. Bxc5 dxc5 14. Qxd8 Rxd8 15. Nd5 Bd6 16. e5 Bf8 17. Nxc7 Rxd1+ 18. Kxd1 Rb8 19. Ng3 Nd4 20. c3 Nf5 21. Ne4 Bd7 22. Bb5 Bxb5 23. Nxb5 Ne3+ 24. Ke2 Nxg2 25. Kf3 Nh4+ 26. Kg4 Ng6 27. Rd1 h5+ 28. Kf3 Nh4+ 29. Kf2 Ng6 30. Ke3 c4 31. Rd7 Nh4 32. Nbd6 Bxd6 33. Nxd6 b5 34. Rxf7 b4 35. Rb7 Rxb7 36. Nxb7 b3 37. Nxa5 Ng2+ 38. Ke4 Ne1 39. Nxc4 Nd3 40. Kxd3 1-0


[Site "https://www.chess.com"]

[Event "Titled Tuesday Blitz February 28 Early 2023"]
[White "Janaszak, Dawid"]
[Black "Fieberg, Samuel"]
[WhiteFideId "1119206"]
[BlackFideId "12901717"]
[WhiteElo "2220"]
[BlackElo "2465"]
[Result "0-1"]
[Round "09"]
[TimeControl "180+2"]
[Date "2023.02.28"]
[WhiteClock "0:00:43"]
[BlackClock "0:00:19"]

1. d4 e6 2. c4 d5 3. Nc3 c5 4. Nf3 cxd4 5. Nxd4 e5 6. Nf3 d4 7. Nd5 Ne7 8. e4 dxe3 9. Bxe3 Nxd5 10. cxd5 Bb4+ 11. Bd2 Qxd5 12. Qa4+ Nc6 13. Bxb4 Qe4+ 14. Be2 Qxb4+ 15. Qxb4 Nxb4 16. Rc1 f6 17. Rc7 O-O 18. O-O Be6 19. a3 Nd5 20. Rxb7 Rfb8 21. Rxb8+ Rxb8 22. b4 Nf4 23. Bd1 Rd8 24. g3 Nd3 25. Be2 e4 26. Ne1 Ne5 27. Ng2 g5 28. Rd1 Rxd1+ 29. Bxd1 f5 30. h4 h6 31. hxg5 hxg5 32. Ne3 Kg7 33. b5 Kf6 34. a4 f4 35. Nf1 Nd3 36. Nd2 Ke5 37. gxf4+ gxf4 38. a5 Kd4 39. b6 axb6 40. axb6 Bd5 41. Bb3 Bb7 42. Bc2 Kc3 43. Bxd3 exd3 44. Nb1+ Kc2 45. Na3+ Kc1 46. Nc4 d2 47. Nxd2 Kxd2 48. Kh2 Ke2 49. Kg1 Ke1 50. f3 Bxf3 51. Kh2 Bb7 52. Kg1 f3 0-1


[Site "https://www.chess.com"]

[Event "Titled Tuesday Blitz February 28 Early 2023"]
[White "Roebers, Eline"]
[Black "Rodriguez Fontecha, Marcos"]
[WhiteFideId "1058401"]
[BlackFideId "2256576"]
[WhiteElo "2556"]
[BlackElo "2263"]
[Result "0-1"]
[Round "09"]
[TimeControl "180+2"]
[Date "2023.02.28"]
[WhiteClock "0:00:04"]
[BlackClock "0:00:15"]

1. e4 e6 2. d4 d5 3. Bd3 c5 4. exd5 Qxd5 5. Nc3 Qd8 6. Nf3 Nf6 7. O-O cxd4 8. Nxd4 Be7 9. Re1 O-O 10. Nf3 Nc6 11. Qe2 a6 12. Ne4 Nd5 13. c3 Qc7 14. g3 b5 15. Bg5 Bb7 16. Bxe7 Qxe7 17. Rad1 Rfd8 18. Bb1 g6 19. h4 Nb6 20. h5 Rxd1 21. Rxd1 Rd8 22. Rxd8+ Nxd8 23. Qe3 Nc4 24. Qh6 f5 25. Neg5 Qg7 26. Qxg7+ Kxg7 27. Nd4 Bd5 28. hxg6 hxg6 29. b3 Nd2 30. Bd3 e5 31. Ne2 e4 32. Bc2 Kf6 33. Nh3 g5 34. Nd4 Nf7 35. Bd1 Nb1 36. Ne2 Ne5 37. Kf1 Nf3 38. Nhg1 Nbd2+ 39. Kg2 Ne5 40. Nd4 e3+ 41. f3 g4 42. Nc2 gxf3+ 43. Kh3 f2 0-1


[Site "https://www.chess.com"]

[Event "Titled Tuesday Blitz February 28 Early 2023"]
[White "Bas Mas, Jose Joaquin"]
[Black "Kopczynski, Michal"]
[WhiteFideId "22219064"]
[BlackFideId "1124200"]
[WhiteElo "2233"]
[BlackElo "2212"]
[Result "0-1"]
[Round "09"]
[TimeControl "180+2"]
[Date "2023.02.28"]
[WhiteClock "0:00:16"]
[BlackClock "0:00:26"]

1. e4 c5 2. c3 d5 3. exd5 Qxd5 4. Nf3 Nc6 5. Na3 Bg4 6. Be2 g6 7. O-O Bg7 8. h3 Bd7 9. Nb5 Rc8 10. d4 a6 11. c4 Qf5 12. d5 axb5 13. dxc6 bxc6 14. Be3 Nf6 15. Rc1 O-O 16. Bd3 Qh5 17. Nd2 Rfd8 18. Qxh5 Nxh5 19. Be2 Bxb2 20. Rc2 Bd4 21. Bxh5 Bxe3 22. fxe3 gxh5 23. Nb3 Be6 24. cxb5 Bxb3 25. axb3 cxb5 26. Rf5 Rd3 27. Rg5+ Kh8 28. Rxh5 Rxe3 29. Rhxc5 Rxc5 30. Rxc5 Rxb3 31. Rc7 Re3 32. Rb7 Re5 33. Kf2 Kg7 34. Kf3 Kf6 35. Kf4 Rc5 36. g4 Rc4+ 37. Kf3 b4 38. h4 Rc3+ 39. Kf4 e5+ 40. Ke4 Rc4+ 41. Kf3 Rf4+ 42. Kg3 Ke6 43. Rb6+ Kd5 44. Rh6 b3 45. Rxh7 b2 0-1


[Site "https://www.chess.com"]

[Event "Titled Tuesday Blitz February 28 Early 2023"]
[White "Garakov, Mikhael"]
[Black "Bochnicka, Vladimir"]
[WhiteFideId "4169034"]
[BlackFideId "14943450"]
[WhiteElo "2347"]
[BlackElo "2094"]
[Result "1-0"]
[Round "09"]
[TimeControl "180+2"]
[Date "2023.02.28"]
[WhiteClock "0:00:34"]
[BlackClock "0:00:08"]

1. e4 c5 2. Nf3 Nc6 3. Bb5 e6 4. Bxc6 bxc6 5. d3 Qc7 6. Ng5 f6 7. Nh3 Ne7 8. f4 d5 9. c4 Ba6 10. b3 Rd8 11. Qe2 Bc8 12. O-O Ng6 13. Nc3 d4 14. Na4 Bd6 15. g3 O-O 16. Ba3 Qe7 17. Qe1 h5 18. Qa5 Bc7 19. Qxa7 Rd7 20. Bxc5 Qf7 21. Bxf8 Bxf4 22. Qc5 Be3+ 23. Kg2 Nxf8 24. Nb6 Rc7 25. a4 e5 26. Nxc8 Rxc8 27. a5 Ne6 28. Qd6 g5 29. a6 g4 30. Ng1 h4 31. a7 Ra8 32. Qxc6 hxg3 33. Qxa8+ Kh7 34. hxg3 Qh5 35. Qb7+ Ng7 36. a8=Q Bxg1 37. Qxg7+ Kxg7 38. Ra7+ 1-0


[Site "https://www.chess.com"]

[Event "Titled Tuesday Blitz February 28 Early 2023"]
[White "Mayank Chakraborty"]
[Black "Kochetov, Andrey"]
[WhiteFideId "25659766"]
[BlackFideId "24130532"]
[WhiteElo "2103"]
[BlackElo "2451"]
[Result "0-1"]
[Round "09"]
[TimeControl "180+2"]
[Date "2023.02.28"]
[WhiteClock "0:00:12"]
[BlackClock "0:00:25"]

1. e4 c5 2. Nf3 d6 3. d4 cxd4 4. Nxd4 Nf6 5. Nc3 Nc6 6. Bg5 e6 7. Qd2 a6 8. O-O-O Bd7 9. f3 Be7 10. Be3 h5 11. Kb1 b5 12. Nce2 Ne5 13. b3 Rc8 14. h3 d5 15. Bf4 Bd6 16. Bxe5 Bxe5 17. Qg5 Qc7 18. exd5 Nxd5 19. Qd2 Bxd4 20. Nxd4 Nc3+ 21. Kb2 Nxd1+ 22. Qxd1 Qc3+ 23. Kb1 O-O 24. Ne2 Qc7 25. Nc1 e5 26. g4 Rfd8 27. Bd3 h4 28. Qe1 Bc6 0-1


[Site "https://www.chess.com"]